[Event "fics rated crazyhouse match"]
[Site "fics, Oklahoma City, OK USA"]
[Date "2000.11.07"]
[White "VABORIS"]
[WhiteElo "2246"]
[Black "RFrancisco"]
[BlackElo "2312"]
[TimeControl "60+0"]
[Result "0-1"]

1. e4 e6 2. d4 Nc6 3. Be3 Nf6 4. Bd3 d6 5. Nf3 Be7 6. Nc3 
O-O 7. e5 dxe5 8. dxe5 Nd5 9. Bxh7+ Kxh7 10. Nxd5 exd5 11. N@g5+ Kh8 
12. P@h6 gxh6 13. P@g7+ Kxg7 14. Nxf7 Rxf7 15. Bxh6+ Kxh6 16. Qd2+ B@f4 17. P@e3 
N@e4 18. exf4 Nxd2 19. B@g5+ Bxg5 20. fxg5+ Kh7 21. Kxd2 B@f4+ 22. B@e3 N@e4+ 
23. Ke2 Bxe3 24. g6+ Kxg6 25. Kxe3 Rxf3+ 26. gxf3 Q@d2# 
{VABORIS checkmated} 0-1

[Event "fics rated crazyhouse match"]
[Site "fics, Oklahoma City, OK USA"]
[Date "2000.11.07"]
[White "RFrancisco"]
[WhiteElo "2319"]
[Black "VABORIS"]
[BlackElo "2239"]
[TimeControl "60+0"]
[Result "1-0"]

1. e4 e6 2. d4 Nc6 3. Nc3 Bb4 4. Ne2 d6 5. a3 Bxc3+ 6. bxc3 
Nf6 7. Ng3 d5 8. e5 Ne4 9. Nxe4 dxe4 10. B@g5 Qd5 11. Bce3 N@b2 
12. Qb1 N@c4 13. Bxc4 Nxc4 14. N@h5 Rg8 15. Nxg7+ Rxg7 16. N@f6+ Kf8 17. Nxd5 
Nxe3 18. P@e7# 
{VABORIS resigns} 1-0

[Event "fics rated crazyhouse match"]
[Site "fics, Oklahoma City, OK USA"]
[Date "2000.11.07"]
[White "Sunsetter"]
[WhiteElo "2348"]
[Black "Gobi"]
[BlackElo "2259"]
[TimeControl "180+0"]
[Result "1-0"]

1. d4 d5 2. Bg5 Nc6 3. Nc3 Bf5 4. Nf3 h6 5. Bh4 Nf6 6. Ne5 
Qd6 7. Bg3 Qb4 8. Nxc6 bxc6 9. Rb1 N@b5 10. N@a6 Qa5 11. e4 Nxc3 
12. bxc3 Qxc3+ 13. N@d2 Nxe4 14. Nxc7+ Kd7 15. Rb3 Qxd2+ 16. Qxd2 Nxd2 17. Nxa8 
Nf3+ 18. gxf3 Q@c1+ 19. R@d1 P@d2+ 20. Ke2 Qxd1+ 21. Kxd1 R@c1+ 22. Kxd2 Rxc2+ 
23. Ke3 P@f4+ 24. Kxf4 g5+ 25. Kxf5 N@g7+ 26. Kg4 f5+ 27. Kh3 
{Gobi forfeits on time} 1-0

[Event "fics rated crazyhouse match"]
[Site "fics, Oklahoma City, OK USA"]
[Date "2000.11.07"]
[White "Gobi"]
[WhiteElo "2253"]
[Black "Sunsetter"]
[BlackElo "2354"]
[TimeControl "180+0"]
[Result "0-1"]

1. e4 e5 2. Nf3 Nc6 3. Bb5 a6 4. Bxc6 dxc6 5. d3 Bg4 6. Nbd2 
Bc5 7. O-O Nh6 8. Nb3 Bxf3 9. Qxf3 B@g4 10. Nxc5 Bxf3 11. gxf3 N@e2+ 
12. Kh1 Nxc1 13. Raxc1 B@e2 14. B@g2 Bxf1 15. Rxf1 R@b5 16. B@d7+ Qxd7 17. Nxd7 
Kxd7 18. B@c4 Q@d6 19. B@e3 B@e2 20. Rg1 Rxb2 21. N@c5+ Kc8 22. Bxh6 gxh6 
23. N@a4 Bxf3 24. Bxf3 Rxc2 25. N@f5 Qf8 26. Nb6+ Kb8 27. Nbd7+ Ka7 28. Nxf8 
Rhxf8 29. Q@b3 B@b6 30. Bxa6 Rxc5 31. Bxb7 Kxb7 32. B@e7 N@a5 33. Qb1 Rb5 
34. Qxb5 cxb5 35. P@d5 N@h3 36. P@c6+ Ka7 
{Gobi forfeits on time} 0-1

[Event "fics rated crazyhouse match"]
[Site "fics, Oklahoma City, OK USA"]
[Date "2000.11.07"]
[White "Sunsetter"]
[WhiteElo "2360"]
[Black "Gobi"]
[BlackElo "2247"]
[TimeControl "180+0"]
[Result "1-0"]

1. e4 Nc6 2. Nc3 Nf6 3. d4 e6 4. Nf3 Bb4 5. Bg5 h6 6. Bxf6 
Qxf6 7. N@b5 Qd8 8. d5 exd5 9. exd5 O-O 10. dxc6 bxc6 11. Nbd4 Re8+ 
12. N@e5 B@a5 13. Qd3 P@f6 14. P@h7+ Kh8 15. Nxc6 Bxc3+ 16. bxc3 Bxc3+ 17. P@d2 
Bxe5 18. Nfxe5 N@f4 19. Nxd8 Nxd3+ 20. Bxd3 Rxe5+ 21. B@e4 Q@e8 22. Nxf7+ Qxf7 
23. N@g6+ Kxh7 24. Q@h8# 
{Gobi checkmated} 1-0

[Event "fics rated crazyhouse match"]
[Site "fics, Oklahoma City, OK USA"]
[Date "2000.11.07"]
[White "Gobi"]
[WhiteElo "2241"]
[Black "Sunsetter"]
[BlackElo "2366"]
[TimeControl "180+0"]
[Result "1-0"]

1. e4 e5 2. Bc4 Nc6 3. d3 Nf6 4. Nc3 Bb4 5. Ne2 Rf8 6. O-O 
Nh5 7. Nd5 Bd6 8. Ng3 Nxg3 9. hxg3 Nd4 10. N@f5 Nxf5 11. exf5 N@d4 
12. Qg4 N@e2+ 13. Kh1 Nxc2 14. N@h5 Rg8 15. Nxg7+ Rxg7 16. Qxg7 P@e6 17. Bh6 
Nxg3+ 18. fxg3 N@f2+ 19. Rxf2 Qh4+ 20. gxh4 Kd8 21. R@e8+ Kxe8 22. Nf6+ Kd8 
23. Q@e8# 
{Sunsetter checkmated} 1-0

[Event "fics rated crazyhouse match"]
[Site "fics, Oklahoma City, OK USA"]
[Date "2000.11.07"]
[White "Sunsetter"]
[WhiteElo "2355"]
[Black "Gobi"]
[BlackElo "2252"]
[TimeControl "180+0"]
[Result "0-1"]

1. e4 Nf6 2. Nc3 Nc6 3. d4 e6 4. Nf3 Bb4 5. Bg5 Nxe4 6. Bxd8 
Nxc3 7. bxc3 Bxc3+ 8. N@d2 Nxd8 9. Q@g3 B@h6 10. Qxc7 N@d5 11. Qe5 P@e3 
12. fxe3 Nxe3 13. P@e7 Nc6 14. Qxe3 Bxe3 15. N@d6+ Kxe7 16. Nxc8+ Raxc8 17. B@h4+ 
P@f6 18. Bxf6+ gxf6 19. P@d6+ Kxd6 20. P@c5+ Ke7 21. Qe2 Nxd4 22. Nxd4 Bcxd2+ 
23. Qxd2 Bxd2+ 24. Kxd2 N@e4+ 25. Ke2 Q@d2+ 26. Kf3 Q@f4# 
{Sunsetter checkmated} 0-1

[Event "fics rated crazyhouse match"]
[Site "fics, Oklahoma City, OK USA"]
[Date "2000.11.07"]
[White "Gobi"]
[WhiteElo "2262"]
[Black "Sunsetter"]
[BlackElo "2345"]
[TimeControl "180+0"]
[Result "1-0"]

1. d4 Nf6 2. a3 d5 3. Nc3 Nc6 4. Bg5 Rb8 5. e3 Bg4 6. Be2 
Bxe2 7. Ngxe2 Ne4 8. Nxe4 dxe4 9. N@c5 B@h3 10. Rg1 Bxg2 11. Rxg2 N@f3+ 
12. Kf1 P@h3 13. Rg3 Nxh2+ 14. Kg1 Nf3+ 15. Rxf3 exf3 16. Nf4 R@g4+ 17. Kh2 
Rxg5 18. Qxf3 B@g4 19. P@e6 Bxe6 20. Nfxe6 Rg2+ 21. Kh1 Nxd4 22. exd4 Rxf2 
23. Qxf2 P@g2+ 24. Kh2 Qd6+ 25. B@e5 Qxe6 26. Nxe6 N@g4+ 27. Kg3 P@f4+ 28. Kxg4 
fxe6 29. B@d7+ Kxd7 30. N@c5+ Ke8 31. B@d7+ Kf7 32. Bxe6+ Ke8 33. Q@d7# 
{Sunsetter checkmated} 1-0

[Event "fics rated crazyhouse match"]
[Site "fics, Oklahoma City, OK USA"]
[Date "2000.11.07"]
[White "Sunsetter"]
[WhiteElo "2335"]
[Black "Gobi"]
[BlackElo "2272"]
[TimeControl "180+0"]
[Result "0-1"]

1. e4 Nf6 2. Nc3 e5 3. Nf3 Nc6 4. Be2 Bc5 5. O-O d6 6. d3 
h6 7. Nd5 Nxd5 8. exd5 Ne7 9. N@e4 Bb6 10. c4 Ng6 11. Rb1 O-O 
12. Ne1 f5 13. Ng3 Nh4 14. Nf3 Nxg2 15. Kxg2 f4 16. Nh1 P@g4 17. Nxe5 
N@h4+ 18. Kg1 dxe5 19. P@g2 f3 20. Bxh6 fxg2 21. N@f4 exf4 22. P@h7+ Kxh7 
23. Bxg4 Bxg4 24. P@g6+ Kxh6 25. h3 N@f3+ 26. Qxf3 Nxf3+ 27. Kxg2 Q@h2# 
{Sunsetter checkmated} 0-1

[Event "fics rated crazyhouse match"]
[Site "fics, Oklahoma City, OK USA"]
[Date "2000.11.07"]
[White "pminear"]
[WhiteElo "2396"]
[Black "CorpusFozzy"]
[BlackElo "2120"]
[TimeControl "180+0"]
[Result "1-0"]

1. e4 e6 2. Nc3 Nc6 3. d4 Bb4 4. a3 Ba5 5. Be3 Nge7 6. Bd3 
e5 7. d5 Nb8 8. Nf3 d6 9. O-O O-O 10. Ng5 h6 11. Nxf7 Rxf7 
12. P@e6 Rf8 13. f4 exf4 14. Rxf4 Ng6 15. Rxf8+ Qxf8 16. P@f7+ Kh7 17. R@e8 
{CorpusFozzy resigns} 1-0

[Event "fics rated crazyhouse match"]
[Site "fics, Oklahoma City, OK USA"]
[Date "2000.11.07"]
[White "CorpusFozzy"]
[WhiteElo "2117"]
[Black "pminear"]
[BlackElo "2399"]
[TimeControl "180+0"]
[Result "0-1"]

1. e4 e5 2. Nf3 Nc6 3. Bc4 Bc5 4. O-O Nf6 5. d3 O-O 6. Nc3 
d6 7. Bg5 Bg4 8. Nd5 Nxd5 9. Bxd8 Nf4 10. Bxc7 N@e2+ 11. Kh1 Bxf3 
12. gxf3 N@h3 13. P@f6 gxf6 14. Q@g4+ Ng5 15. Qxe2 P@g2+ 16. Qxg2 Nxg2 17. N@h6+ 
Kh8 18. P@g7+ Kxg7 19. Nf5+ Kg8 20. Kxg2 P@h3+ 21. Kg3 Q@f4# 
{CorpusFozzy checkmated} 0-1

[Event "fics rated crazyhouse match"]
[Site "fics, Oklahoma City, OK USA"]
[Date "2000.11.07"]
[White "pminear"]
[WhiteElo "2402"]
[Black "CorpusFozzy"]
[BlackElo "2114"]
[TimeControl "180+0"]
[Result "1-0"]

1. e4 e5 2. Nf3 Nc6 3. Bc4 Bc5 4. Nc3 d6 5. d3 Nf6 6. O-O 
Be6 7. Bxe6 fxe6 8. B@h3 B@g4 9. Bxg4 Nxg4 10. B@h5+ B@g6 11. Bxg4 Qe7 
12. Bg5 Qf7 13. Nd5 O-O 14. Nf6+ Kh8 15. Bxe6 Qxe6 16. P@f5 Bxf5 17. exf5 
Qxf5 18. B@e4 Qxf6 19. Bxf6 Rxf6 20. Ng5 Raf8 21. Qh5 N@e2+ 22. Qxe2 P@f7 
23. Qh5 B@h6 24. Nxh7 Rxf2 25. Rxf2 Bxf2+ 26. Kh1 P@h3 27. Nxf8 hxg2+ 28. Bxg2 
B@f5 29. Qxf5 Kg8 30. R@h8+ Kxh8 31. Q@h7# 
{CorpusFozzy checkmated} 1-0

[Event "fics rated crazyhouse match"]
[Site "fics, Oklahoma City, OK USA"]
[Date "2000.11.09"]
[White "BarryWhite"]
[WhiteElo "2432"]
[Black "Gobi"]
[BlackElo "2263"]
[TimeControl "180+0"]
[Result "0-1"]

1. e4 e5 2. Nf3 Nc6 3. Bc4 Bc5 4. O-O Nf6 5. Nc3 d6 6. h3 
O-O 7. d3 h6 8. Qe2 Be6 9. Bxe6 fxe6 10. B@h4 Qe8 11. Bxf6 Rxf6 
12. N@g4 Rxf3 13. Qxf3 Nd4 14. Qd1 B@h5 15. Be3 Bxg4 16. hxg4 N@f4 17. Bxd4 
exd4 18. B@h5 dxc3 19. Bxe8 Rxe8 20. N@h5 N@e2+ 21. Kh2 B@e5 22. R@g3 B@h4 
23. Nxf4 Nxf4 24. Qf3 N@g5 25. Qd1 Bxf2 26. Rxf2 Bxg3+ 27. Kxg3 Ne2+ 28. Kh4 
Bg3+ 29. Kh5 N@f4+ 30. Rxf4 Nxf4# 
{BarryWhite checkmated} 0-1

[Event "fics rated crazyhouse match"]
[Site "fics, Oklahoma City, OK USA"]
[Date "2000.11.09"]
[White "Gobi"]
[WhiteElo "2275"]
[Black "BarryWhite"]
[BlackElo "2414"]
[TimeControl "180+0"]
[Result "0-1"]

1. e4 e6 2. d4 Nf6 3. Bd3 d5 4. e5 Ne4 5. Nd2 Nxd2 6. Bxd2 
Nc6 7. Nf3 N@e4 8. c3 Nxd2 9. Qxd2 B@g6 10. Be2 Be7 11. O-O O-O 
12. Rae1 f6 13. Bb5 Bd7 14. N@f4 Be4 15. Bxc6 bxc6 16. exf6 Bxf6 17. N@e5 
Bxf3 18. Nxf3 B@h6 19. N@g4 Bxf4 20. Qxf4 N@g6 21. Qg3 N@f5 22. Nxf6+ Rxf6 
23. Qg4 Nh6 24. Qh5 N@f4 25. Qg5 P@h3 26. Ne5 hxg2 27. Nxg6 Rxg6 28. Qxd8+ 
Rxd8 29. N@e7+ Kf7 30. f3 gxf1=Q+ 31. Kxf1 Q@g2# 
{Gobi checkmated} 0-1

[Event "fics rated crazyhouse match"]
[Site "fics, Oklahoma City, OK USA"]
[Date "2000.11.09"]
[White "BarryWhite"]
[WhiteElo "2422"]
[Black "Gobi"]
[BlackElo "2270"]
[TimeControl "180+0"]
[Result "1-0"]

1. e4 e5 2. Nf3 Nc6 3. d4 exd4 4. Nxd4 Nxd4 5. Qxd4 P@h3 6. Rg1 
Nf6 7. e5 N@c6 8. Qe3 Ng4 9. Qxh3 Ngxe5 10. Nc3 d5 11. Qg3 Bf5 
12. Bf4 P@f6 13. N@e3 Nd4 14. Bxe5 fxe5 15. Qxe5+ B@e6 16. Qxd4 c5 17. Bb5+ 
Bd7 18. Qe5+ Be6 19. N@c7+ Qxc7 20. Qxc7 N@d4 21. N@d6+ Bxd6 22. Qxd6 N@f3+ 
23. gxf3 Nxf3+ 24. Kd1 P@e7 25. Bxd7+ Bxd7 26. N@c7+ Kd8 27. Qxe7+ Kxe7 28. N7xd5+ 
Kd8 29. P@c7+ Kc8 30. Ne7+ Kxc7 31. P@d6+ Kd8 32. B@e1 B@a5 33. P@c7+ Ke8 
34. N7d5 Q@h4 35. Q@e7+ Qxe7 36. dxe7 Q@c8 37. Q@d8+ Qxd8 38. exd8=Q+ Rxd8 39. Q@e7# 
{Gobi checkmated} 1-0

[Event "fics rated crazyhouse match"]
[Site "fics, Oklahoma City, OK USA"]
[Date "2000.11.09"]
[White "Gobi"]
[WhiteElo "2265"]
[Black "BarryWhite"]
[BlackElo "2429"]
[TimeControl "180+0"]
[Result "0-1"]

1. e4 e6 2. d4 Nf6 3. Bd3 d5 4. e5 Ne4 5. Nd2 Nxd2 6. Bxd2 
Nc6 7. Nf3 N@e4 8. O-O Nxd2 9. Qxd2 B@e4 10. Be2 Be7 11. c3 O-O 
12. h3 f6 13. exf6 Bxf6 14. N@g4 Bxf3 15. Bxf3 P@e4 16. Be2 e5 17. dxe5 
Nxe5 18. Nxe5 Bxe5 19. f4 exf3 20. Bxf3 P@h2+ 21. Kf2 N@e4+ 22. Ke2 N@g3+ 
23. Ke1 Nxd2 24. Bxd5+ P@e6 25. P@f7+ Rxf7 26. Rxf7 Q@e2# 
{Gobi checkmated} 0-1

[Event "fics rated crazyhouse match"]
[Site "fics, Oklahoma City, OK USA"]
[Date "2000.11.09"]
[White "BarryWhite"]
[WhiteElo "2436"]
[Black "Gobi"]
[BlackElo "2260"]
[TimeControl "180+0"]
[Result "0-1"]

1. e4 Nf6 2. Nc3 e5 3. Nf3 Nc6 4. d4 exd4 5. Nxd4 Bb4 6. Nxc6 
bxc6 7. Bd3 d6 8. P@g5 Ng4 9. N@f5 Bxf5 10. exf5 N@e5 11. O-O N@h4 
12. Be2 Bxc3 13. bxc3 P@b2 14. Bxb2 Qxg5 15. Bxg4 N@f3+ 16. Kh1 Qxg4 17. Rg1 
P@h3 18. N@e3 Nxg1 19. Qxg4 Nxg4 20. P@d7+ Ke7 21. B@g5+ B@f6 22. Bxh4 Bxh4 
23. f6+ Bxf6 24. Q@e4+ B@e6 25. N@f5+ Kxd7 26. Qxg4 h5 27. Qg3 h4 28. Qf4 
hxg2+ 29. Nxg2 h3 30. B@f1 P@e2 31. N@e3 exf1=Q 32. Rxf1 hxg2+ 33. Nxg2 P@h3 
34. Kxg1 N@e2# 
{BarryWhite forfeits on time} 0-1

[Event "fics rated crazyhouse match"]
[Site "fics, Oklahoma City, OK USA"]
[Date "2000.11.09"]
[White "Gobi"]
[WhiteElo "2272"]
[Black "BarryWhite"]
[BlackElo "2419"]
[TimeControl "180+0"]
[Result "0-1"]

1. e4 e6 2. Nf3 Nf6 3. Nc3 d5 4. e5 Ne4 5. Be2 Nc6 6. O-O 
Be7 7. d3 Nxc3 8. bxc3 O-O 9. Rb1 f6 10. exf6 Bxf6 11. Bd2 P@e4 
12. Ne1 N@h4 13. P@g3 Nxg2 14. Nxg2 P@f3 15. Bxf3 exf3 16. Qxf3 Ne5 17. Qe3 
B@h6 18. P@f4 Ng4 19. Qe2 e5 20. f3 Nxh2 21. Kxh2 exf4 22. Bxf4 Bxf4 
23. Nxf4 P@h4 24. P@e6 hxg3+ 25. Kg2 Bxe6 26. Qxe6+ P@f7 27. Qg4 B@g5 28. N@h5 
P@g6 29. Nxg3 Bxf4 30. Qxf4 Bg5 31. Qd4 N@e3+ 32. Kg1 Nxc2 33. Qxg7+ Kxg7 
34. N@f5+ gxf5 35. Nxf5+ Kg8 36. B@e5 f6 37. N@e7+ Kf7 38. P@e6+ Kxe6 39. Ng7+ 
Kxe7 40. Bg3 N@e2+ 41. Kg2 P@h3+ 42. Kf2 Q@g2# 
{Gobi checkmated} 0-1

[Event "fics rated crazyhouse match"]
[Site "fics, Oklahoma City, OK USA"]
[Date "2000.11.09"]
[White "BarryWhite"]
[WhiteElo "2426"]
[Black "Gobi"]
[BlackElo "2267"]
[TimeControl "180+0"]
[Result "0-1"]

1. e4 d6 2. d4 Nf6 3. Bd3 e5 4. dxe5 dxe5 5. Nc3 Bc5 6. P@e3 
O-O 7. Nf3 Bg4 8. O-O Nc6 9. h3 Bh5 10. Bd2 P@d4 11. Ne2 Bxf3 
12. gxf3 N@h4 13. B@h1 dxe3 14. Bxe3 Bxe3 15. fxe3 P@f4 16. P@f2 B@e6 17. exf4 
Bxh3 18. P@g2 Nxg2 19. Bxg2 Bxg2 20. Kxg2 P@g4 21. fxg4 Nxg4 22. B@f3 Qh4 
23. Bxg4 Qxg4+ 24. P@g3 P@f3+ 25. Kg1 Qh3 26. N@h4 P@h2# 
{BarryWhite resigns} 0-1

[Event "fics rated crazyhouse match"]
[Site "fics, Oklahoma City, OK USA"]
[Date "2000.11.09"]
[White "Sunsetter"]
[WhiteElo "2334"]
[Black "BEO"]
[BlackElo "2243"]
[TimeControl "180+0"]
[Result "0-1"]

1. e4 e6 2. Nf3 d5 3. exd5 exd5 4. Ne5 Nf6 5. d4 Be7 6. Nxf7 
Kxf7 7. Qe2 P@e4 8. P@h6 gxh6 9. Bxh6 P@g7 10. Bf4 N@e6 11. Be3 Nc6 
12. P@c3 Rf8 13. P@f5 Kg8 14. fxe6 Bxe6 15. Kd2 Ng4 16. Qxg4 Bxg4 17. Bb5 
P@f4 18. Kc1 fxe3 19. fxe3 Bg5 20. P@f4 Rxf4 21. exf4 Bxf4# 
{Sunsetter resigns} 0-1

[Event "fics rated crazyhouse match"]
[Site "fics, Oklahoma City, OK USA"]
[Date "2000.11.09"]
[White "BEO"]
[WhiteElo "2261"]
[Black "LINDEGREN"]
[BlackElo "2420"]
[TimeControl "120+0"]
[Result "0-1"]

1. e4 Nf6 2. e5 Nc6 3. exf6 gxf6 4. Nc3 d5 5. d4 Rg8 6. Nf3 
Bg4 7. Be2 P@e4 8. Nh4 Bxe2 9. Nxe2 B@h5 10. Be3 e6 11. N@f4 Bxe2 
12. Qxe2 N@c4 13. Rb1 Nxe3 14. fxe3 B@g5 15. B@g3 Bxh4 16. Bxh4 N@f5 17. Bf2 
Bh6 18. B@b5 Rb8 19. B@h3 Bxf4 20. exf4 N@h4 21. Bxh4 Nxh4 22. B@g3 B@f3 
23. gxf3 Nxf3+ 24. Kd1 Nxd4 25. Qf1 Nxb5 26. Qxb5 B@c4 27. Qc5 P@d3 28. cxd3 
exd3 29. N@h5 P@c2+ 30. Kd2 cxb1=Q 31. N@g7+ Rxg7 32. Nxg7+ Kd7 33. Rxb1 R@e2+ 
34. Kc3 N@e4# 
{BEO checkmated} 0-1

[Event "fics rated crazyhouse match"]
[Site "fics, Oklahoma City, OK USA"]
[Date "2000.11.09"]
[White "PureBugger"]
[WhiteElo "2452"]
[Black "LINDEGREN"]
[BlackElo "2425"]
[TimeControl "120+0"]
[Result "0-1"]

1. e4 Nf6 2. e5 Nd5 3. Nc3 e6 4. d4 d6 5. exd6 Nc6 6. dxc7 
Qxc7 7. Nxd5 exd5 8. P@e5 Nxe5 9. dxe5 Qxe5+ 10. Be3 Bb4+ 11. P@c3 P@f4 
12. Nf3 Qe7 13. Bb5+ P@c6 14. O-O fxe3 15. N@h5 exf2+ 16. Kh1 P@h3 17. Nxg7+ 
Kd8 18. Rxf2 N@e4 19. Re2 P@f2 20. N@f4 hxg2+ 21. Nxg2 B@h3 22. Qf1 Bcg4 
23. P@c7+ Qxc7 24. Rxf2 Nxf2+ 25. Qxf2 Bxg2+ 26. Qxg2 N@e3 27. B@g5+ P@e7 28. Bxe3 
Bxf3 29. Qxf3 P@e4 30. Qxf7 Qd7 31. N@e6+ Kc8 32. Nc5 Qh3 33. B@e6+ Kb8 
34. Bxh3 N@f2+ 35. Kg1 R@f1+ 36. Kg2 Ng4 37. Kg3 Kc7 38. Kh4 Kb6 
{PureBugger forfeits on time} 0-1

[Event "fics rated crazyhouse match"]
[Site "fics, Oklahoma City, OK USA"]
[Date "2000.11.09"]
[White "LINDEGREN"]
[WhiteElo "2434"]
[Black "Mori"]
[BlackElo "2286"]
[TimeControl "120+0"]
[Result "1-0"]

1. e4 f6 2. Nc3 Nh6 3. d4 Nf7 4. Nf3 e6 5. Bd3 Be7 6. O-O 
Nc6 7. Be3 O-O 8. d5 Nce5 9. Nxe5 Nxe5 10. f4 Nxd3 11. cxd3 exd5 
12. Nxd5 P@e6 13. Nxe7+ Qxe7 14. P@g5 d6 15. gxf6 gxf6 16. N@h6+ Kh8 17. Qg4 
P@g7 18. N@f7+ Rxf7 19. Nxf7+ Qxf7 20. R@d8+ B@f8 21. f5 exf5 22. exf5 Bxf5 
23. Rxf8+ Rxf8 24. Rxf5 P@g6 25. Rff1 f5 26. Qe2 N@g4 27. B@c3 Nxe3 28. P@h6 
P@f6 29. hxg7+ Qxg7 30. Qxe3 N@g4 31. P@h6 Nxe3 32. hxg7+ Kxg7 33. P@h6+ Kxh6 
34. B@f4+ Kg7 35. Q@e7+ Rf7 36. Bxf6+ Kg8 37. N@h6# 
{Mori checkmated} 1-0

[Event "fics rated crazyhouse match"]
[Site "fics, Oklahoma City, OK USA"]
[Date "2000.11.09"]
[White "Mori"]
[WhiteElo "2274"]
[Black "LINDEGREN"]
[BlackElo "2439"]
[TimeControl "120+0"]
[Result "1-0"]

1. f4 Nf6 2. e3 Nc6 3. Nf3 d6 4. Be2 e5 5. fxe5 Nxe5 6. O-O 
Be7 7. d3 Nxf3+ 8. Bxf3 N@e5 9. Nc3 P@g4 10. Bd5 Nxd5 11. Nxd5 Be6 
12. Nxe7 Qxe7 13. P@f5 B@f3 14. gxf3 Nxf3+ 15. Rxf3 gxf3 16. Qxf3 N@g5 17. Qf1 
O-O 18. P@g2 Bxf5 19. Qxf5 R@d1+ 20. B@f1 P@d2 21. N@h5 dxc1=Q 22. Rxc1 Rxc1 
23. P@f6 P@e2 24. fxe7 exf1=Q+ 25. Qxf1 Rxf1+ 26. Kxf1 Q@d1+ 27. R@e1 Qxh5 28. exf8=Q+ 
Rxf8 29. N@e7+ Kh8 30. P@f6 R@h1+ 31. B@g1 P@e2+ 32. Rxe2 Rxg1+ 33. Kxg1 Qg6 
34. fxg7+ Qxg7 35. N@f5 
{LINDEGREN forfeits on time} 1-0

[Event "fics rated crazyhouse match"]
[Site "fics, Oklahoma City, OK USA"]
[Date "2000.11.09"]
[White "LINDEGREN"]
[WhiteElo "2428"]
[Black "Mori"]
[BlackElo "2301"]
[TimeControl "120+0"]
[Result "1-0"]

1. e4 c5 2. Nc3 d6 3. Nf3 Nc6 4. Bc4 e6 5. O-O Nf6 6. d3 
Be7 7. Bg5 O-O 8. Qe2 a6 9. a4 Ng4 10. Bxe7 Qxe7 11. B@h3 Nge5 
12. Nxe5 Nxe5 13. f4 Nxc4 14. dxc4 B@d4+ 15. Kh1 B@f6 16. N@g4 Bxc3 17. bxc3 
Bxc3 18. e5 Bxa1 19. Rxa1 P@f5 20. B@f6 gxf6 21. exf6 fxg4 22. N@h6# 
{Mori resigns} 1-0

[Event "fics rated crazyhouse match"]
[Site "fics, Oklahoma City, OK USA"]
[Date "2000.11.09"]
[White "Mori"]
[WhiteElo "2289"]
[Black "LINDEGREN"]
[BlackElo "2433"]
[TimeControl "120+0"]
[Result "1-0"]

1. f4 Nf6 2. e3 Nc6 3. Nf3 d6 4. Be2 Bg4 5. O-O e5 6. fxe5 
Nxe5 7. Nxe5 Bxe2 8. P@d7+ Nxd7 9. Nxf7 Qe7 10. Qxe2 B@e6 11. Nxh8 P@f7 
12. P@f5 Bd5 13. N@f4 P@c6 14. Nxd5 cxd5 15. B@a4 c6 16. Nc3 Ne5 17. Nxd5 
Qd7 18. P@e6 fxe6 19. fxe6 Qxe6 20. Nc7+ Kd7 21. Nxe6 N@d5 22. Nxf8+ Rxf8 
23. Rxf8 
{LINDEGREN resigns} 1-0

[Event "fics rated crazyhouse match"]
[Site "fics, Oklahoma City, OK USA"]
[Date "2000.11.09"]
[White "LINDEGREN"]
[WhiteElo "2422"]
[Black "Mori"]
[BlackElo "2313"]
[TimeControl "120+0"]
[Result "1-0"]

1. e4 b6 2. Nc3 Bb7 3. d4 e6 4. Bd3 Ne7 5. f3 d6 6. Nh3 
Nd7 7. O-O g6 8. Qe2 Bg7 9. d5 O-O 10. dxe6 fxe6 11. P@h6 Bd4+ 
12. Kh1 Ne5 13. f4 Nf7 14. f5 exf5 15. exf5 gxf5 16. Bg5 P@f6 17. Be3 
Bxc3 18. bxc3 N@h4 19. Rg1 P@f3 20. gxf3+ P@g6 21. P@e4 fxe4 22. fxe4 P@f3 
23. Qf2 Bxe4 24. Bxe4 P@g2+ 25. Rxg2 fxg2+ 26. Bxg2 Nxg2 27. Qxg2 Ne5 28. B@d5+ 
Nxd5 29. Qxd5+ B@f7 30. P@e6 B@f3+ 31. Qxf3 Nxf3 32. exf7+ Rxf7 33. B@g2 Nh4 
34. B@d5 Nxg2 35. Bxg2 B@e6 36. P@d5 Bxh3 37. Bxh3 P@f3 38. P@g2 fxg2+ 39. Bxg2 
Re7 40. B@e6+ P@f7 41. Bxf7+ Kxf7 42. B@e6+ Rxe6 43. dxe6+ Kxe6 44. N@d4+ Ke7 
45. N@c6+ Ke8 46. Nxd8 N@g4 47. P@f7+ Kd7 48. Q@e6+ Kxd8 49. Qe8# 
{Mori checkmated} 1-0

[Event "fics rated crazyhouse match"]
[Site "fics, Oklahoma City, OK USA"]
[Date "2000.11.09"]
[White "Mori"]
[WhiteElo "2302"]
[Black "LINDEGREN"]
[BlackElo "2428"]
[TimeControl "120+0"]
[Result "0-1"]

1. f4 Nf6 2. e3 Nc6 3. Nf3 e6 4. Be2 Be7 5. O-O O-O 6. d4 
d5 7. Ne5 Ne4 8. Nc3 f6 9. Nxc6 bxc6 10. Qe1 Nxc3 11. bxc3 N@e4 
12. N@d1 Qe8 13. Rb1 N@a4 14. Rb3 Bd7 15. N@g3 Rb8 16. Bf3 Rxb3 17. axb3 
Naxc3 18. Nxc3 Nxc3 19. Qxc3 P@e4 20. Bh5 g6 21. Be2 N@h4 22. N@f2 Nxg2 
23. Kxg2 P@f3+ 24. Bxf3 exf3+ 25. Kxf3 e5 26. dxe5 fxe5 27. Qxe5 B@f6 28. N@h6+ 
Kh8 29. Qxc7 P@e4+ 30. Kg2 R@h5 31. Nxh5 gxh5 32. P@e5 Rg8+ 33. P@g3 N@h4+ 
34. Kg1 Kg7 35. exf6+ Bxf6 36. P@g5 Nf3+ 37. Kh1 P@e2 38. gxf6+ Kxf6 39. B@e5+ 
Kg6 40. Rg1 e1=Q 41. Rxe1 P@g2# 
{Mori forfeits on time} 0-1

[Event "fics rated crazyhouse match"]
[Site "fics, Oklahoma City, OK USA"]
[Date "2000.11.09"]
[White "LINDEGREN"]
[WhiteElo "2433"]
[Black "Mori"]
[BlackElo "2292"]
[TimeControl "120+0"]
[Result "1-0"]

1. e4 c5 2. Bc4 d6 3. Nf3 Nc6 4. O-O e6 5. c3 Nf6 6. Re1 
Ne5 7. Nxe5 dxe5 8. Bb5+ Bd7 9. Bxd7+ Qxd7 10. d4 cxd4 11. cxd4 exd4 
12. N@e5 Qd6 13. Nc4 Qxh2+ 14. Kxh2 N@g4+ 15. Kg1 P@h2+ 16. Kf1 h1=Q+ 17. B@g1 
P@h3 18. gxh3 B@g2+ 19. Ke2 Bf3+ 20. Kd2 Bxd1 21. Kxd1 Q@d3+ 22. Bd2 Nxf2+ 
23. Kc1 N2xe4 24. B@b5+ P@c6 25. Nd6+ Bxd6 26. Bxd3 Nxd2 27. Nxd2 P@e3 28. N@c4 
exd2+ 29. Kxd2 B@b4+ 30. P@c3 dxc3+ 31. bxc3 Bxc3+ 32. Kxc3 Nd5+ 33. Kc2 N@b4+ 
34. Kd2 P@c3+ 35. Ke2 Qg2+ 36. B@f2 P@f3+ 37. Kd1 Nxd3 38. Nxd6+ Kd7 39. Q@c2 
N3b4 40. Ne4 Nxc2 41. Q@d6# 
{Mori forfeits on time} 1-0

[Event "fics rated crazyhouse match"]
[Site "fics, Oklahoma City, OK USA"]
[Date "2000.11.09"]
[White "Mori"]
[WhiteElo "2283"]
[Black "LINDEGREN"]
[BlackElo "2438"]
[TimeControl "120+0"]
[Result "0-1"]

1. f4 Nf6 2. e3 b6 3. Nf3 Bb7 4. Be2 e6 5. O-O Nc6 6. d3 
Be7 7. Ne5 O-O 8. c4 d6 9. Nxc6 Bxc6 10. N@d4 Bxg2 11. Kxg2 N@h4+ 
12. Kg1 e5 13. fxe5 dxe5 14. Nc6 Qd7 15. B@f3 P@g4 16. Nxe7+ Qxe7 17. Bxg4 
Nxg4 18. Bxg4 B@d7 19. B@f3 Bxg4 20. Bxg4 P@g2 21. Rf2 f5 22. B@d5+ B@f7 
23. Bxg2 fxg4 24. Qxg4 B@f5 25. Rxf5 Nxf5 26. Qxf5 R@f6 27. Qg4 N@h6 28. Qe2 
Be6 29. P@g3 Bg4 30. Qe1 Qf7 31. Nd2 Rad8 32. P@e2 Bxe2 33. Qxe2 Nf5 
34. P@f3 P@d4 35. e4 Ne3 36. B@f1 Nxg2 37. Bxg2 B@e3+ 38. P@f2 Bxf2+ 39. Kxf2 
P@e3+ 40. Kf1 exd2 41. Bxd2 N@c2 42. Rc1 Ne3+ 43. Bxe3 dxe3 44. N@g4 Rxf3+ 
45. Bxf3 Qxf3+ 46. P@f2 Qxe2+ 47. Kxe2 Q@d2# 
{Mori forfeits on time} 0-1

[Event "fics rated crazyhouse match"]
[Site "fics, Oklahoma City, OK USA"]
[Date "2000.11.09"]
[White "LINDEGREN"]
[WhiteElo "2443"]
[Black "Mori"]
[BlackElo "2275"]
[TimeControl "120+0"]
[Result "1-0"]

1. e4 f6 2. Nc3 Nh6 3. d4 Nf7 4. Nf3 e6 5. Bd3 Be7 6. O-O 
b6 7. Be3 Bb7 8. d5 O-O 9. Qe2 Ne5 10. Nxe5 fxe5 11. dxe6 dxe6 
12. P@h6 gxh6 13. Bxh6 Rf7 14. Qg4+ P@g7 15. N@g5 Bxg5 16. Bxg5 P@f6 17. B@h5 
N@g6 18. Bxg6 hxg6 19. Bd2 N@f8 20. P@f5 exf5 21. exf5 B@h5 22. Qg3 gxf5 
23. N@h6+ Kh8 24. Nxf7+ Bxf7 25. P@h6 P@g6 26. hxg7+ Kxg7 27. P@h6+ Kh8 28. Bxf5 
N@h5 29. P@g7+ Nxg7 30. hxg7+ Kxg7 31. N@h5+ Kh8 32. Bxg6 Bxg6 33. P@g7+ Kh7 
34. R@h8# 
{Mori checkmated} 1-0